 Dungeon Crawl Stone Soup version 0.28-a0-32-g8dfe7f97f6 (webtiles) character file.

Game seed: 1162821189466913560

69 willcat the Sneak (level 4, -1/28 HPs)
             Began as a Kobold Delver on July 27, 2021.
             Succumbed to an orc wizard's poison
             ... on level 6 of the Dungeon.
             The game lasted 00:00:42 (107 turns).

willcat the Sneak (Kobold Delver)                    Turns: 107, Time: 00:00:43

Health: -1/28      AC:  3    Str:  9    XL:     4   Next: 42%
Magic:  4/4        EV: 14    Int: 11    God:
Gold:   0          SH:  0    Dex: 17    Spells: 3/3 levels left

rFire   . . .      SeeInvis .   a - +0 short sword
rCold   . . .      Faith    .   (shield restricted)
rNeg    . . .      Spirit   .   b - +0 leather armour
rPois   .          Reflect  .   (no helmet)
rElec   .          Harm     .   (no cloak)
rCorr   .          Rampage  .   (no gloves)
Will    .....                   (no boots)
Stlth   +++++.....              (no amulet)
HPRegen 0.09/turn               (no ring)
MPRegen 0.09/turn               (no ring)

@: lethally poisoned (-1 -> -21), hasted, very quick
A: small, no large weapons, nightstalker 3
a: no special abilities


You were on level 6 of the Dungeon.
You visited 1 branch of the dungeon, and saw 2 of its levels.

Inventory:

Hand Weapons
 a - a +0 short sword (weapon)
Armour
 b - a +0 leather armour (worn)
Wands
 g - a wand of digging (3)
Scrolls
 d - a scroll of magic mapping
 e - a scroll of fear
 h - 2 scrolls of acquirement {unknown}


   Skills:
 - Level 3.2 Fighting
 + Level 4.5 Short Blades
 - Level 2.4 Dodging
 + Level 7.7 Stealth


You had 3 spell levels left.
You didn't know any spells.
Your spell library was empty.

Dungeon Overview and Level Annotations

Branches:
Dungeon (6/15)
 Temple: D:4-7

Altars:


Innate Abilities, Weirdness & Mutations

You are small and have problems with some larger weapons.
You are completely attuned to the shadows.


Message History

You closely miss the orc.
The orc is heavily wounded.
The orc closely misses you.
You barely miss the orc.
The orc is heavily wounded.
Unknown command.
You hit the orc.
The orc is almost dead.
The orc closely misses you.
You hit the orc.
You kill the orc!
Unknown command.
You hit something. You hit something.
You hear some strange, mumbled words.
A magic dart appears from out of thin air!
The magic dart hits you.
You barely miss something. You miss something.
Something hits you but does no damage.
You are poisoned.
You hit something but do no damage.
You feel sick. Something hits you but does no damage.
You are lethally poisoned!
You hit something but do no damage.
You feel sick.
You barely miss something.
You feel sick. Something hits you but does no damage.
You are more poisoned.
Your leather armour prevents you from hitting something.
* * * LOW HITPOINT WARNING * * *
You feel very sick.
You closely miss something.
* * * LOW HITPOINT WARNING * * *
You feel very sick. Something hits you.
* * * LOW HITPOINT WARNING * * *
You are more poisoned.
You hit something.
Reactivating autopickup.
You feel a bit more experienced.
You die...

.........
.........#
.................#
................#
..............§####
..#...........§§@§#
o.o..........######
####........## #
#.......## #
##.....## # #....##
# ##..## ####


There were no monsters in sight!

Vanquished Creatures
  A scorpion (D:6)
  An orc wizard (D:6)
  An ufetubus (D:6)
  An orc (D:6)
4 creatures vanquished.

Notes
Turn   | Place    | Note
-------+----------+-------------------------------------------
     0 | D:5      | willcat the Kobold Delver began the quest for the Orb.
     0 | D:5      | Reached XP level 1. HP: 14/14 MP: 1/1
    32 | D:6      | Noticed a scorpion
    34 | D:6      | Killed a scorpion
    35 | D:6      | Reached skill level 7 in Stealth
    35 | D:6      | Reached XP level 2. HP: 19/19 MP: 2/2
    35 | D:6      | Reached XP level 3. HP: 23/23 MP: 3/3
    35 | D:6      | Reached XP level 4. HP: 28/28 MP: 4/4
   106 | D:6      | HP: 1/28 [something (2)]
   107 | D:6      | Succumbed to an orc wizard's poison

Illustrated notes

Levels and vault maps discovered:
D:5:      layout_cave_pods, minmay_temple_entry_mist, serial_bayou_ford_a
D:6:      layout_cave_pods, uniq_maggie

Skill      XL: |  1 |
---------------+----+-----
Short Blades   | 4 |  4.5
Stealth        | 7 |  7.7
Fighting       | |  3.2
Dodging        | |  2.4

Action                   |  1- 3 |  4- 6 || total
-------------------------+-------+-------++-------
Melee: Short sword       |     2 |    18 ||    20
  Use: Scroll            |       |     1 ||     1
       Potion            |       |     1 ||     1
 Stab: Sleeping          |     2 |       ||     2
Armor: Leather armour    |       |     3 ||     3
Dodge: Dodged            |       |     4 ||     4

Table legend: (Time is in decaauts)
 A = Elapsed time spent in this place.
 B = Non-inter-level travel time spent in this place.
 C = Inter-level travel time spent in this place.
 D = Time resting spent in this place.
 E = Time spent auto-exploring this place.
 F = Levels seen in this place.
 G = Mean time per level.
                   A        B        C        D        E       F      G
               +--------+--------+--------+--------+--------+-----+--------+
         Total |     98 |     98 |      0 |      0 |     11 |   2 |   49.0 |
       Dungeon |     98 |     98 |      0 |      0 |     11 |   2 |   49.0 |
               +--------+--------+--------+--------+--------+-----+--------+

Top non-repeatable levels by time:
     D:6: 97 daAuts
     D:5: 1 daAuts
